 Dungeon Crawl Stone Soup version 0.28-a0-1447-ga5a8893891 (webtiles) character file.

Game seed: 13478557157617169451

39 riojii the Bolt Thrower (level 3, -1/30 HPs)
             Began as a Demigod Wanderer on Jan 11, 2022.
             Slain by a gnoll (8 damage)
             ... on level 1 of the Dungeon.
             The game lasted 00:02:24 (711 turns).

riojii the Bolt Thrower (Demigod Wanderer)           Turns: 711, Time: 00:02:25

Health: -1/30      AC:  3    Str: 12    XL:     3   Next: 11%
Magic:  5/5        EV: 11    Int: 12    God:
Gold:   26         SH:  0    Dex: 20    Spells: 2/2 levels left

rFire   . . .      SeeInvis .   a - +0 hand crossbow (vorpal)
rCold   . . .      Faith    .   (no shield)
rNeg    . . .      Spirit   .   f - +0 robe
rPois   .          Reflect  .   (no helmet)
rElec   .          Harm     .   (no cloak)
rCorr   .          Rampage  .   e - +0 pair of gloves
Will    .....                   (no boots)
Stlth   ++........              (no amulet)
HPRegen 0.10/turn               (no ring)
MPRegen 0.09/turn               (no ring)

@: no status effects
A: high mp 1, forlorn, divine attributes
a: no special abilities


You were on level 1 of the Dungeon.
You visited 1 branch of the dungeon, and saw 2 of its levels.

You collected 26 gold pieces.

Inventory:

Hand Weapons
 a - a +0 vorpal hand crossbow (weapon)
 c - a +0 shortbow
 j - a +3 dagger
Missiles
 b - 15 bolts (quivered ammo)
 d - 18 arrows
Armour
 e - a +0 pair of gloves (worn)
 f - a +0 robe (worn)
Scrolls
 g - a scroll of amnesia {unknown}
 i - a scroll of blinking {unknown}
 k - a scroll of enchant armour {unknown}
Potions
 h - a potion of haste {unknown}


   Skills:
 + Level 2.7 Fighting
 - Level 1.0 Bows
 + Level 3.4 Crossbows
 - Level 1.0 Throwing
 - Level 2.6 Stealth


You had 2 spell levels left.
You didn't know any spells.
Your spell library was empty.

Dungeon Overview and Level Annotations

Branches:
Dungeon (2/15)

Shops:
D:2 *


Innate Abilities, Weirdness & Mutations

You have an increased reservoir of magic. (+10% MP)
You shall have no god before yourself.
Your divine heritage dramatically boosts your attributes as you level up.


Message History

The gnoll shouts!
The gnoll is moderately wounded.
The gnoll shouts!
You hear a shout!
The gnoll hits you from afar with a +0 spear. x2
The gnoll shaman shouts!
You shoot a bolt. The bolt barely misses the gnoll.
The gnoll hits you but does no damage.
You shoot a bolt. The bolt hits the gnoll!
You kill the gnoll!
A gnoll comes into view. It is wielding a +0 club.
You have reached level 3!
Your experience leads to a dramatic increase in your attributes!
Increase (S)trength, (I)ntelligence, or (D)exterity?
You feel agile. x4
There are monsters nearby!
You shoot a bolt.
The bolt closely misses the gnoll shaman.
You shoot a bolt.
The bolt barely misses the gnoll shaman.
The gnoll shaman barely misses you.
The gnoll shaman hits you with a +0 club.
You shoot a bolt. The bolt hits the gnoll shaman.
The gnoll shaman is lightly wounded.
The gnoll shaman hits you with a +0 club!
The gnoll shaman invokes the aid of its god against you.
You are outlined in light.
You are no longer glowing.
There is a stone staircase leading up here.
The gnoll hits you with a +0 whip!
* * * LOW HITPOINT WARNING * * *
You climb upwards.
There is a stone staircase leading down here.
You are too injured to fight recklessly!
Fire: 16 bolts
Press: ? - help, Q - select action Shift-Dir - straight line, f - gnoll
Aim: a gnoll, wielding a +0 whip (70% to hit)
You shoot a bolt.
The bolt hits the gnoll but does no damage.
The gnoll hits you with a +0 whip!
You die...

######### #.......#
##### #.#####.#
#...## #(# #.#
#..... #.# #.#
#..##.
#.#####.#####..#..
#@g............##.
#.#####.######...รท
#.# #.# ###.. #.#
#.# #..
##########.# #.#
#### #.......##.#
#.# #...
##.......##.### #.#
#.##
#.............###.#
### #.#
#........#(.......#
#.# #.#


You could see a gnoll.

Vanquished Creatures
  A gnoll (D:2)
  5 dart slugs (D:1)
  2 bats (D:1)
  2 endoplasms (D:1)
  A hobgoblin (D:1)
  A jackal (D:1)
  3 quokkas (D:1)
  A frilled lizard (D:2)
  2 goblins (D:1)
  2 rats (D:1)
20 creatures vanquished.

Notes
Turn   | Place    | Note
-------+----------+-------------------------------------------
     0 | D:1      | riojii the Demigod Wanderer began the quest for the Orb.
     0 | D:1      | riojii set off with the following items: a +0 vorpal hand
                  | crossbow, 26 bolts, a +0 shortbow, 18 arrows, a +0 pair of
                  | gloves, a +0 robe
     0 | D:1      | Reached XP level 1. HP: 17/17 MP: 3/3
   130 | D:1      | Reached skill level 3 in Crossbows
   228 | D:1      | Reached XP level 2. HP: 24/24 MP: 4/4
   658 | D:2      | Found Lapnour's Assorted Antiques.
   671 | D:2      | Reached XP level 3. HP: 23/30 MP: 5/5
   711 | D:1      | Slain by a gnoll

Illustrated notes

Levels and vault maps discovered:
D:1:      sevenhm_arrival_forest_fort_small_1, layout_basic, minmay_pentomino_u2
D:2:      layout_loops_cross, serial_shops,
          nicolae_shop_competitors_out_of_business,
          shapermc_ecumenical_altar_starsandcircs, uniq_robin

Skill      XL: |  1 |
---------------+----+-----
Fighting       | 2 |  2.7
Crossbows      | 3 |  3.4
Bows           | |  1.0
Throwing       | |  1.0
Stealth        | |  2.6

Action                   || total
-------------------------++-------
 Fire: Hand crossbow     ||    33
Armor: Robe              ||     2
Dodge: Dodged            ||     6

Table legend: (Time is in decaauts)
 A = Elapsed time spent in this place.
 B = Non-inter-level travel time spent in this place.
 C = Inter-level travel time spent in this place.
 D = Time resting spent in this place.
 E = Time spent auto-exploring this place.
 F = Levels seen in this place.
 G = Mean time per level.
                   A        B        C        D        E       F      G
               +--------+--------+--------+--------+--------+-----+--------+
         Total |    724 |    724 |      0 |      0 |    577 |   2 |  362.0 |
       Dungeon |    724 |    724 |      0 |      0 |    577 |   2 |  362.0 |
               +--------+--------+--------+--------+--------+-----+--------+

Top non-repeatable levels by time:
     D:1: 624 daAuts
     D:2: 99 daAuts
